Cogmind - Beta 14 @@@ ROGUE MODE // 2024.11.07 @ 01:44:07 Player: Komeiji O. Result: Destroyed by P-80 Master with Gamma Rifle Performance ------------- Evolutions (8) 4000 Regions Visited (19) 3800 Robots Destroyed (97) 485 Value Destroyed (2678) 2678 Prototype IDs (55) 1100 Alien Tech Used (0) 0 Bonus (584) 584 TOTAL SCORE: 12647 Bonus ------- Follower Combat Kills 32 Aligned with FarCom 300 Met Data Miner 300 Friendly Fire -48 Cogmind --------- Core Integrity 0/1450 Matter 252/300 Energy 100/100 System Corruption 16% Temperature Cool (9) Movement Core (50) Location -2/Research Parts ------- > --- POWER (2) -------- (None) > --- PROPULSION (7) --- Biometal Leg Biometal Leg Biometal Leg Biometal Leg > --- UTILITY (12) ----- Machine Analyzer Enhanced Optical Array Graphene Brace System Shield Improved System Shield > --- WEAPON (2) ------- (None) > --- INVENTORY (5) ---- Advanced Reaction Control System Latent Energy Streamer Peak State ------------ > --- POWER ------------ Light Angular Momentum Engine Micro Antimatter Reactor > --- PROPULSION ------- Cooled VTOL Module Cooled VTOL Module Cooled VTOL Module Nuclear Pulse Array Nuclear Pulse Array > --- UTILITY ---------- Small Storage Unit Structural Scanner Machine Analyzer Enhanced Optical Array Improved Transmission Jammer Improved Reaction Control System Makeshift Light Armor Plating Graphene Brace Hacking Suite Makeshift Hacking Suite System Shield Improved System Shield > --- WEAPON ----------- Enhanced Quantum Rifle Falx > --- INVENTORY -------- Improved VTOL Module Q-thruster Cooled Impulse Thruster ECM Suite Variable Charge Gun Latent Energy Streamer Long-range Missile Launcher [Rating: 117] Favorites ----------- Power Improved Ion Engine Engine Improved Ion Engine Power Core Light Nuclear Core Reactor Micro Antimatter Reactor Propulsion Improved VTOL Module Treads Light Treads Leg Aluminum Leg Wheel Compact Wheel Flight Unit Improved VTOL Module Utility Hacking Suite Device Structural Scanner Storage Large Storage Unit Processor Machine Analyzer Hackware Hacking Suite Protection Light Armor Plating Weapon Improved Datajack Energy Gun Beamcaster Energy Cannon Advanced Beam Cannon Ballistic Gun Assault Rifle Launcher Mini Grenade Launcher Special Weapon Improved Plasma Cutter Impact Weapon Hammer Slashing Weapon Falx Special Melee Weapon Improved Datajack Build | -11 -10 -10 -9 -9 -9 -8 -8 -7 -7 -7 -6 -6 -6 -6 -5 -5 -4 -3 -2 ------- Run | Yrd Mat Min Mat Min Exi Min Mat Fac Was Fac Fac Low Low Dat Pro Fac Fac Res Res Slots Evolved 16 | . . . 2 . . . 2 2 . . 2 . . . . 2 2 2 2 Power 1 | . . . . . . . . . . . 1 . . . . . . . . Propulsion 5 | . . . 1 . . . 1 1 . . . . . . . 1 . . 1 Utility 10 | . . . 1 . . . 1 1 . . 1 . . . . 1 2 2 1 Weapon . | . . . . . . . . . . . . . . . . . . . . Parts Attached 237 | 8 9 14 19 3 5 1 12 13 2 12 33 3 8 . 1 19 12 29 34 Power 24 | 2 1 1 2 . . . . 2 . . 8 1 . . 1 3 . 2 1 Engine 13 | 2 1 1 2 . . . . 2 . . 3 . . . . 1 . 1 . Core 9 | . . . . . . . . . . . 5 1 . . 1 2 . . . Reactor 2 | . . . . . . . . . . . . . . . . . . 1 1 Propulsion 52 | 2 . 2 3 1 . . 3 7 . 2 1 . 1 . . 3 2 9 16 Treads 6 | . . 1 . . . . 3 . . . . . . . . . . . 2 Leg 11 | . . . 2 . . . . . . . . . . . . . . . 9 Wheel 3 | 2 . 1 . . . . . . . . . . . . . . . . . Hover . | . . . . . . . . . . . . . . . . . . . . Flight 32 | . . . 1 1 . . . 7 . 2 1 . 1 . . 3 2 9 5 Utility 99 | 2 7 4 4 2 2 . 2 3 2 9 23 2 5 . . 6 8 11 7 Device 66 | 1 5 1 2 . . . . 2 2 7 16 2 4 . . 3 6 9 6 Storage 7 | 1 1 1 . . 2 . 1 . . . 1 . . . . . . . . Processor 4 | . . . . . . . 1 1 . . 2 . . . . . . . . Hackware 8 | . . . . 1 . . . . . 1 1 . . . . 2 1 1 1 Protection 14 | . 1 2 2 1 . . . . . 1 3 . 1 . . 1 1 1 . Artifact . | . . . . . . . . . . . . . . . . . . . . Weapon 62 | 2 1 7 10 . 3 1 7 1 . 1 1 . 2 . . 7 2 7 10 Energy Gun 14 | 1 . 2 4 . . . 1 . . . . . . . . . . 1 5 Energy Cannon 5 | . . . 1 . . . 2 . . . . . . . . 1 . 1 . Ballistic Gun 5 | 1 . 3 1 . . . . . . . . . . . . . . . . Ballistic Cannon . | . . . . . . . . . . . . . . . . . . . . Launcher 19 | . 1 2 3 . 2 . 2 1 . . . . 1 . . 1 1 4 1 Special Weapon 5 | . . . . . . . . . . . . . . . . 4 1 . . Impact Weapon 7 | . . . 1 . . 1 1 . . . . . . . . . . . 4 Slashing Weapon 5 | . . . . . . . 1 . . . 1 . 1 . . 1 . 1 . Piercing Weapon . | . . . . . . . . . . . . . . . . . . . . Special Melee Weapon 2 | . . . . . 1 . . . . 1 . . . . . . . . . Unidentified Prototypes 8 | . . . 2 . . . . 1 1 1 . . . . . . . 1 2 Parts Lost 41 | . . 1 2 2 . . 1 . . . 2 . . . 1 3 1 3 25 Power 7 | . . . . . . . . . . . 1 . . . . 2 . 1 3 Propulsion 15 | . . 1 1 . . . 1 . . . 1 . . . . 1 . . 10 Utility 12 | . . . 1 2 . . . . . . . . . . . . 1 1 7 Weapon 7 | . . . . . . . . . . . . . . . 1 . . 1 5 Highest Loss Streak 10 | . . 1 1 2 . . 1 . . . 2 . . . 1 2 1 2 10 To Critical Strikes . | . . . . . . . . . . . . . . . . . . . . Average Slot Usage (%) 92 | . 100 99 92 90 100 100 97 97 100 100 98 86 93 93 91 89 93 91 61 Engine 6 | . 14 13 11 11 11 11 9 7 7 7 2 . . . . 2 . . 1 Core 2 | . . . . . . . . . . . 8 6 6 6 6 5 10 4 . Treads 3 | . . 13 . . . . 19 1 . . . . . . . . . . . Leg 6 | . . . 19 22 22 22 6 . . . . . . . . . . . 1 Wheel 3 | . 28 14 6 . . . . . . . . . . . . . . . . Flight 15 | . . . 1 4 11 11 9 35 38 38 32 26 33 33 33 29 26 22 11 Device 7 | . 14 4 5 . . . . 13 15 15 14 6 5 . . 4 11 19 11 Storage 7 | . 14 14 11 11 11 11 9 . . . 1 6 6 6 6 5 5 4 1 Processor 4 | . . . . . . . 6 7 7 7 6 13 13 13 13 11 10 9 8 Hackware 8 | . . . . 8 11 11 9 7 7 7 12 13 13 13 13 15 15 14 14 Protection 7 | . . 9 16 11 11 11 9 7 7 7 4 . . 6 6 1 2 3 1 Energy Gun 3 | . 14 13 8 . . . 2 . . . . . . . . . . . 1 Ballistic Gun 2 | . 13 13 8 . . . . . . . . . . . . . . . . Impact Weapon 2 | . . . 2 11 11 10 8 . . . . . . . . . . . 1 Slashing Weapon 2 | . . . . . . . . 7 7 7 6 6 5 6 6 4 5 3 1 Special Melee Weapon 2 | . . . . . 11 11 5 . . 6 6 6 6 6 4 . . . . Peak Build Rating 117 | 7 10 15 23 18 19 18 34 41 43 44 61 55 59 58 64 77 84 110 117 Average Rating 42 | 4 7 8 18 16 17 18 25 37 39 41 54 52 58 58 57 63 81 99 77 On Entrance 39 | . 7 8 15 15 18 18 18 30 39 39 44 53 53 58 58 55 76 84 100 Naked Turns . | . . . . . . . . . . . . . . . . . . . . Heaviest Build 46 | 15 23 40 46 39 34 34 37 37 15 18 25 17 24 20 20 27 29 35 43 Greatest Support 70 | 32 32 32 32 20 20 20 65 65 23 25 25 20 26 26 26 34 34 35 70 Greatest Overweight (x) 4 | . . 2 4 1 1 1 1 . . . . . . . . . . 1 1 Average Overweight (x) . | . . . 1 1 1 1 . . . . . . . . . . . . . Largest Inventory Capacity 15 | 8 10 15 15 15 15 15 15 15 5 5 8 8 8 8 8 8 8 8 8 Average Capacity 10 | 7 8 10 15 15 14 15 15 6 5 5 5 8 8 8 8 8 8 8 6 Most Carried 15 | 5 10 15 15 15 15 15 15 15 5 5 8 8 8 8 8 8 8 8 7 Average Carried 10 | 2 8 10 14 14 14 15 14 5 5 4 5 8 8 8 8 7 7 7 5 Final Capacity 15 | 8 10 15 15 15 15 15 15 5 5 5 8 8 8 8 8 8 8 8 5 Final Carried 15 | 5 10 15 15 15 15 15 15 5 5 5 8 8 8 8 8 8 8 8 2 Class Distribution -------------------- 34% | Scavenger-Mutant 26% | Hacker-Ninja 16% | Mutant 5% | Scout 5% | Hacker-Scout 4% | Hacker-Sprinter Dominant Class ---------------- Mutant | -10/Materials Mutant | -10/Mines Scavenger-Mutant | -9/Materials Scavenger-Mutant | -9/Mines Scavenger-Mutant | -9/Exiles Scavenger-Mutant | -8/Mines Scavenger-Mutant | -8/Materials Scout | -7/Factory Scout | -7/Waste Scout | -7/Factory Hacker-Ninja | -6/Factory Hacker-Sprinter | -6/Lower Caves Hacker-Sprinter | -6/Lower Caves Hacker-Sprinter | -6/Data Miner Hacker-Sprinter | -5/Proximity Caves Hacker-Scout | -5/Factory Hacker-Ninja | -4/Factory Hacker-Ninja | -3/Research Hacker-Ninja | -2/Research Resources | -11 -10 -10 -9 -9 -9 -8 -8 -7 -7 -7 -6 -6 -6 -6 -5 -5 -4 -3 -2 ----------- Run | Yrd Mat Min Mat Min Exi Min Mat Fac Was Fac Fac Low Low Dat Pro Fac Fac Res Res Matter Collected 3421 | 282 106 129 653 20 132 32 176 . . 297 356 44 52 . 74 5 212 498 353 Remotely . | . . . . . . . . . . . . . . . . . . . . Salvage Created 2877 | 103 216 306 950 37 . . 99 . . . 305 . 70 . . 17 127 437 210 Parts 159 | 5 18 10 54 3 . . 11 . . . 17 . 8 . . 3 15 13 2 Haulers Intercepted 3 | . 1 . 2 . . . . . . . . . . . . . . . . Recyclers Shooed 5 | . . 2 1 . . . . . . . 2 . . . . . . . . Parts Field Recycled . | . . . . . . . . . . . . . . . . . . . . Retrieved Matter . | . . . . . . . . . . . . . . . . . . . . Parts Self-Destructed 2 | . . . . . . . . . . . . . 2 . . . . . . Prevented . | . . . . . . . . . . . . . . . . . . . . Kills | -11 -10 -10 -9 -9 -9 -8 -8 -7 -7 -7 -6 -6 -6 -6 -5 -5 -4 -3 -2 ------- Run | Yrd Mat Min Mat Min Exi Min Mat Fac Was Fac Fac Low Low Dat Pro Fac Fac Res Res Combat Hostiles Destroyed 66 | . 5 6 20 3 . . 9 . . . 2 . 4 . . 3 5 7 2 Melee 3 | . . . . 1 . . . . . . 2 . . . . . . . . Guns 20 | . 3 3 13 . . . 1 . . . . . . . . . . . . Cannons 2 | . . . . 1 . . . . . . . . . . . . 1 . . AOE 38 | . 2 3 7 . . . 7 . . . . . 4 . . 3 4 7 1 Classes Destroyed 13 | 2 4 1 3 . . . . . . . 1 . 2 . . . . . . Worker 10 | . . . 4 . . . . . . . 2 . . . . . . . 4 Builder 1 | . . . 1 . . . . . . . . . . . . . . . . Tunneler 3 | 1 . . 1 . . . . . . . 1 . . . . . . . . Hauler 3 | . 1 . 2 . . . . . . . . . . . . . . . . Recycler 7 | 1 . 1 1 . . . . . . . 1 . . . . . . 2 1 Minesweeper 1 | . . . . . . . . . . . . . 1 . . . . . . Operator 5 | . 1 . 1 . . . . . . . 1 . . . . . 2 . . Watcher 1 | . . . 1 . . . . . . . . . . . . . . . . Swarmer 31 | . 2 . 3 3 . . 8 . . . . . 4 . . 3 5 3 . Grunt 17 | . 3 4 10 . . . . . . . . . . . . . . . . Sentry 10 | . . 2 7 . . . 1 . . . . . . . . . . . . Programmer 8 | . . . . . . . . . . . 2 . . . . . . 4 2 Samaritan 1 | . . . . . . . . . . . . . 1 . . . . . . Best Kill Streak 4 | 2 2 4 4 2 . . 4 . . . 1 . 4 . . 3 4 3 2 Combat Bots Only 4 | . 2 4 4 2 . . 4 . . . 1 . 4 . . 3 4 3 1 Max Kills in Single Turn 4 | 1 1 1 3 1 . . 4 . . . 1 . 3 . . 2 4 3 1 Gunslinging . | . . . . . . . . . . . . . . . . . . . . Exploded 4 | . 1 1 2 . . . 4 . . . . . 3 . . 2 4 3 1 Melee 1 | . . . . 1 . . . . . . 1 . . . . . . . . Uniques/NPCs Destroyed . | . . . . . . . . . . . . . . . . . . . . Combat | -11 -10 -10 -9 -9 -9 -8 -8 -7 -7 -7 -6 -6 -6 -6 -5 -5 -4 -3 -2 -------- Run | Yrd Mat Min Mat Min Exi Min Mat Fac Was Fac Fac Low Low Dat Pro Fac Fac Res Res Hostile Shots Fired 631 | . 29 32 69 46 . . 22 . . 9 18 . 2 . 7 25 18 25 329 Missed 229 | . 6 12 20 11 . . 6 . . 5 3 . 2 . 2 14 10 13 125 Damage Taken 7607 | . 246 419 657 274 . . 192 . . 38 546 . . . 96 325 116 291 4407 Core 2074 | . 63 123 62 43 . . 70 . . 12 85 . . . 43 66 14 22 1471 Absorbed by Shields . | . . . . . . . . . . . . . . . . . . . . Reduced by Siege Mode 20 | . . . . . . . . . . . . . . . . . . . 20 Core Remaining (%) 84 | 100 . 25 . . . 73 87 . . 98 . . . . 84 93 98 98 . Volleys Fired 153 | 4 15 20 60 6 . . 12 . . . . . 2 . . 3 4 10 17 Largest 2 | 2 2 2 2 1 . . 1 . . . . . 1 . . 1 1 1 1 Hottest 100 | 70 80 80 100 68 . . 75 . . . . . 43 . . 43 43 43 75 Shots Fired 238 | 8 29 37 109 6 . 1 12 . . . . . 2 . . 3 4 10 17 Gun 177 | 8 27 29 96 . . . 7 . . . . . . . . . . . 10 Cannon 9 | . . . 3 6 . . . . . . . . . . . . . . . Launcher 48 | . 2 8 10 . . 1 5 . . . . . 2 . . 2 1 10 7 Special 4 | . . . . . . . . . . . . . . . . 1 3 . . Kinetic 76 | 4 12 12 48 . . . . . . . . . . . . . . . . Thermal 112 | 4 15 17 51 6 . . 7 . . . . . . . . 1 3 . 8 Explosive 48 | . 2 8 10 . . 1 5 . . . . . 2 . . 2 1 10 7 Electromagnetic 2 | . . . . . . . . . . . . . . . . . . . 2 Robot Hit Streak 15 | 4 15 10 8 2 . . 3 . . . . . 5 . . . 6 8 9 Robot Miss Streak 3 | 1 1 2 3 3 . . 1 . . . . . . . . . 1 . 1 Penetration Max . | . . . . . . . . . . . . . . . . . . . . Secondary Targets . | . . . . . . . . . . . . . . . . . . . . Shots Hit Robots 231 | 5 23 27 77 8 9 1 16 1 . . 22 . 4 . . . 7 10 21 Core Hits 131 | 2 12 14 43 1 . . 9 . . . 6 . 5 . . 3 8 16 12 Critical Kills 2 | . . . 1 . . . . . . . . . . . . . . . 1 Critical Parts Destroyed 8 | . . . 2 2 . . 2 . . . . . . . . . . . 2 Critical Strikes 17 | . 1 1 7 2 . . 2 . . . 1 . . . . . . . 3 Burn 6 | . 1 1 4 . . . . . . . . . . . . . . . . Destroy 2 | . . . 2 . . . . . . . . . . . . . . . . Smash 8 | . . . 1 2 . . 2 . . . . . . . . . . . 3 Sever 1 | . . . . . . . . . . . 1 . . . . . . . . Melee Attacks 248 | . . . 9 9 9 1 25 10 . 12 56 1 6 . . 9 33 32 36 Impact 67 | . . . 9 9 . . 24 . . . . . . . . . . . 25 Slashing 169 | . . . . . . . . 10 . 12 55 1 6 . . 9 33 32 11 Piercing . | . . . . . . . . . . . . . . . . . . . . Sneak Attacks 31 | . . . 4 1 8 1 2 . . . 7 . 2 . . . . 3 3 Combat Hostiles 1 | . . . . 1 . . . . . . . . . . . . . . . Follow-up Attacks . | . . . . . . . . . . . . . . . . . . . . Damage Inflicted 9904 | 68 372 633 2305 229 . . 722 34 . . 1164 . 724 . . 434 506 1241 1472 Guns 2254 | 68 273 275 1398 . . . 102 . . . . . . . . . . . 138 Cannons 60 | . . . . 60 . . . . . . . . . . . . . . . Explosions 4011 | . 99 358 663 . . . 413 . . . . . 554 . . 434 254 898 338 Melee 3506 | . . . 240 169 . . 207 34 . . 1164 . 170 . . . 220 343 959 Ramming 41 | . . . 4 . . . . . . . . . . . . . . . 37 Kinetic 970 | 43 134 148 645 . . . . . . . . . . . . . . . . Thermal 1344 | 25 139 127 753 60 . . 102 . . . . . . . . . 32 . 106 Explosive 4011 | . 99 358 663 . . . 413 . . . . . 554 . . 434 254 898 338 Electromagnetic 32 | . . . . . . . . . . . . . . . . . . . 32 Impact 1575 | . . . 240 169 . . 207 . . . . . . . . . . . 959 Slashing 1931 | . . . . . . . . 34 . . 1164 . 170 . . . 220 343 . Piercing . | . . . . . . . . . . . . . . . . . . . . Highest Corruption 16 | . . . 6 6 6 6 . . . . 2 2 2 2 2 2 . 3 16 Average Corruption 5 | . . . 5 6 6 6 . . . . 1 2 2 2 2 1 . 2 11 Corruption Purged 4 | . . . . . . . . . . . 1 . . . . . . 3 . Corruption Blocked . | . . . . . . . . . . . . . . . . . . . . Effects 94 | . . . 8 6 19 12 . . . . 3 2 2 . 3 1 . 11 27 Message Errors 22 | . . . 1 3 3 2 . . . . . 1 . . 1 1 . 1 9 Matter Fused 27 | . . . 3 2 10 3 . . . . 1 . . . . . . 2 6 Heat Flow Errors 10 | . . . 2 . 3 . . . . . 1 . . . . . . 3 1 Energy Discharges 10 | . . . . . 1 2 . . . . . 1 2 . 1 . . . 3 Parts Rejected 2 | . . . . . . . . . . . . . . . . . . . 2 Parts Fused 1 | . . . . . . . . . . . . . . . . . . 1 . Data Loss (minor) 11 | . . . 1 . 1 3 . . . . 1 . . . 1 . . 2 2 Data Loss (major) 6 | . . . . 1 1 1 . . . . . . . . . . . 2 1 Misfires 2 | . . . 1 . . 1 . . . . . . . . . . . . . Misdirections 3 | . . . . . . . . . . . . . . . . . . . 3 Overload Shots . | . . . . . . . . . . . . . . . . . . . . Overflow Damage 1188 | . 4 . 125 94 . . 113 . . . 206 . 40 . . 20 3 117 466 Projectiles 3 | . . . . . . . . . . . . . . . . . 3 . . Explosions 152 | . 4 . 7 . . . 33 . . . . . 40 . . 20 . 45 3 Melee 1033 | . . . 118 94 . . 80 . . . 206 . . . . . . 72 463 Knockbacks 3 | . . . 1 . . . . . . . . . . . . . . . 2 Impact 3 | . . . 1 . . . . . . . . . . . . . . . 2 Kinetic . | . . . . . . . . . . . . . . . . . . . . Secondary . | . . . . . . . . . . . . . . . . . . . . Self-Inflicted Damage 311 | . . 107 29 . . . 40 . . . . . . . . . . . 135 Shots 10 | . . 4 3 . . . 1 . . . . . . . . . . . 2 Rammed 2 | . . . . . . . . . . . . . . . . . . . 2 Targets Rammed 9 | . . . 1 . . . . . . . . . . . . . . . 8 Kicked 7 | . . . 1 . . . . . . . . . . . . . . . 6 Crushed . | . . . . . . . . . . . . . . . . . . . . Highest Temperature 297 | 47 46 106 297 150 247 . 210 45 25 101 209 . 9 10 35 37 27 232 132 Average Temperature 45 | 22 17 40 85 68 118 . 105 16 11 21 46 . 6 7 16 9 7 77 54 Received Heat Transfer 834 | . 66 144 264 . . . . . . 18 . . . . 27 . . 9 306 Effects 1 | . . . . . . . . . . . . . . . . . . 1 . Energy Bleed 1 | . . . . . . . . . . . . . . . . . . 1 . Siege Activations 1 | . . . . . . . . . . . . . . . . . . . 1 Total Turns 20 | . . . . . . . . . . . . . . . . . . . 20 Longest Duration 20 | . . . . . . . . . . . . . . . . . . . 20 Robots Corrupted 5 | . . . 2 1 . . 1 . . . . . . . . . . . 1 Combat Hostiles 3 | . . . . 1 . . 1 . . . . . . . . . . . 1 Parts Fried 15 | . . . 5 1 . . 3 . . . . . 2 . . . . . 4 Impact Corruptions 24 | . . . 4 5 . . 4 . . . . . . . . . . . 11 Robots Melted . | . . . . . . . . . . . . . . . . . . . . Combat Hostiles . | . . . . . . . . . . . . . . . . . . . . Parts Melted 5 | . . . 4 . . . . . . . 1 . . . . . . . . Heat Transferred 3108 | 74 481 444 1628 111 . . 185 . . . . . . . . . 74 . 111 Parts Sabotaged . | . . . . . . . . . . . . . . . . . . . . Parts Stolen . | . . . . . . . . . . . . . . . . . . . . Parts Stripped . | . . . . . . . . . . . . . . . . . . . . Power Chain Reactions . | . . . . . . . . . . . . . . . . . . . . Alert | -11 -10 -10 -9 -9 -9 -8 -8 -7 -7 -7 -6 -6 -6 -6 -5 -5 -4 -3 -2 ------- Run | Yrd Mat Min Mat Min Exi Min Mat Fac Was Fac Fac Low Low Dat Pro Fac Fac Res Res Peak Influence 506 | 10 246 168 318 128 . 18 341 506 192 240 171 . . . . 336 276 429 403 Initial 177 | . 6 95 23 77 . . . 107 177 134 5 . . . . 50 159 89 139 Average 139 | 2 104 76 192 125 . 13 112 182 180 158 74 . . . . 145 136 230 187 Maximum Alert Level 2 | . 1 . 1 . . . 1 2 . 1 . . . . . 1 1 2 2 Low Security (%) 77 | 100 94 100 65 100 . 100 65 82 100 73 100 . . . . 86 81 51 58 Level 1 21 | . 5 . 34 . . . 34 5 . 26 . . . . . 13 18 40 40 Level 2 1 | . . . . . . . . 12 . . . . . . . . . 7 1 Level 3 . | . . . . . . . . . . . . . . . . . . . . Level 4 . | . . . . . . . . . . . . . . . . . . . . Level 5 . | . . . . . . . . . . . . . . . . . . . . High Security . | . . . . . . . . . . . . . . . . . . . . Max Security . | . . . . . . . . . . . . . . . . . . . . Squads Dispatched 31 | . 1 1 3 . . . . 1 . 3 6 . . . . 3 3 3 7 Investigation 13 | . . . 2 . . . . . . 3 2 . . . . 2 1 . 3 Extermination 8 | . . . . . . . . . . . 2 . . . . 1 1 2 2 Reinforcement 9 | . 1 . 1 . . . . 1 . . 2 . . . . . 1 1 2 Assault 1 | . . 1 . . . . . . . . . . . . . . . . . Garrison . | . . . . . . . . . . . . . . . . . . . . Intercept . | . . . . . . . . . . . . . . . . . . . . Searches Triggered 1 | . . . . . . . . . . . . . . . . . . 1 . Data Miner Redirects 1 | . . . . . . . . . . . . . . . . . . . 1 Construction Impeded . | . . . . . . . . . . . . . . . . . . . . Haulers Reinforced . | . . . . . . . . . . . . . . . . . . . . Active Scanning Responses . | . . . . . . . . . . . . . . . . . . . . Cargo Convoy Interrupts . | . . . . . . . . . . . . . . . . . . . . Stealth | -11 -10 -10 -9 -9 -9 -8 -8 -7 -7 -7 -6 -6 -6 -6 -5 -5 -4 -3 -2 --------- Run | Yrd Mat Min Mat Min Exi Min Mat Fac Was Fac Fac Low Low Dat Pro Fac Fac Res Res Distress Signals 17 | . 1 . 5 . . . 1 . . 1 3 . . . . . 1 3 2 Communications Jammed 9 | . . . . . . . . . . . 5 . . . . . . 4 . Distress Signals 4 | . . . . . . . . . . . . . . . . . . 4 . Times Spotted 214 | . 9 6 40 3 . . 17 7 4 3 12 . 3 . 13 14 10 23 50 Peak Tracking Total 21 | . 5 2 5 3 . . 4 2 5 2 3 . 3 . 8 6 3 6 21 Tactical Retreats 28 | . 1 . 1 . . . 1 . . 1 4 . . . 3 2 2 2 11 Traps | -11 -10 -10 -9 -9 -9 -8 -8 -7 -7 -7 -6 -6 -6 -6 -5 -5 -4 -3 -2 ------- Run | Yrd Mat Min Mat Min Exi Min Mat Fac Was Fac Fac Low Low Dat Pro Fac Fac Res Res Traps Triggered 15 | . 1 2 4 . . . . 1 . 1 1 . . . . 2 1 2 . Indirectly . | . . . . . . . . . . . . . . . . . . . . Trap Hack Attempts 94 | . . . . . . . . . . 55 39 . . . . . . . . Triggered 1 | . . . . . . . . . . . 1 . . . . . . . . Disarmed 1 | . . . . . . . . . . 1 . . . . . . . . . Reprogrammed 18 | . . . . . . . . . . 9 3 . . . . . . . 6 Reused 7 | . . . . . . . . . . 3 3 . . . . . . . 1 Traps Extracted 11 | . . . . . . . . . . 9 2 . . . . . . . . Installed 8 | . . . . . . . . . . 5 3 . . . . . . . . Triggered 8 | . . . . . . . . . . 3 3 . 1 . . . . . 1 Most Traps Carried 5 | . . . . . . . . . . 5 4 2 2 2 2 2 2 . . Machines | -11 -10 -10 -9 -9 -9 -8 -8 -7 -7 -7 -6 -6 -6 -6 -5 -5 -4 -3 -2 ---------- Run | Yrd Mat Min Mat Min Exi Min Mat Fac Was Fac Fac Low Low Dat Pro Fac Fac Res Res Machines Disabled 14 | . 2 1 4 . . 1 3 . . . . . . . . . 2 . 1 Max in Single Turn 2 | . 1 1 1 . . 1 2 . . . . . . . . . 1 . 1 Garrison Access 6 | . . . . . . . . 1 . 1 1 . . . . . . 2 1 Machines Repaired . | . . . . . . . . . . . . . . . . . . . . Machines Dismantled 1 | . . . . . . . . . . . . . . . . . 1 . . Machines Sabotaged . | . . . . . . . . . . . . . . . . . . . . Overloaded Fab Kills . | . . . . . . . . . . . . . . . . . . . . Hacking | -11 -10 -10 -9 -9 -9 -8 -8 -7 -7 -7 -6 -6 -6 -6 -5 -5 -4 -3 -2 --------- Run | Yrd Mat Min Mat Min Exi Min Mat Fac Was Fac Fac Low Low Dat Pro Fac Fac Res Res Machines Accessed 95 | . . 1 9 1 2 . 8 6 . 13 15 1 . 4 . 4 7 15 9 Terminals 57 | . . . 9 1 . . 6 4 . 7 9 . . . . 2 5 9 5 Fabricators 14 | . . . . . . . . . . 4 2 . . . . 2 2 1 3 Repair Stations 1 | . . . . . . . . . . . 1 . . . . . . . . Recycling Units 4 | . . . . . . . . 1 . . 2 . . . . . . 1 . Scanalyzers 3 | . . . . . . . 1 . . 1 . . . . . . . 1 . Garrison Access 8 | . . . . . . . 1 1 . 1 1 . . . . . . 3 1 Total Hacks 312 | . . 1 33 4 5 . 29 11 . 40 57 1 . 26 . 15 21 31 38 Successful 175 | . . 1 13 2 5 . 20 6 . 22 24 1 . 26 . 11 12 14 18 Failed 137 | . . . 20 2 . . 9 5 . 18 33 . . . . 4 9 17 20 Catastrophic 21 | . . . 1 . . . . 2 . 1 5 . . . . 2 2 4 4 Database Lockouts . | . . . . . . . . . . . . . . . . . . . . Manual 149 | . . . 22 3 1 . 15 9 . 18 30 . . . . 8 12 14 17 Terminals 200 | . . . 33 4 . . 22 8 . 23 43 . . . . 8 15 22 22 Fabricators 50 | . . . . . . . . . . 14 7 . . . . 7 6 2 14 Repair Stations 2 | . . . . . . . . . . . 2 . . . . . . . . Recycling Units 6 | . . . . . . . . 1 . . 4 . . . . . . 1 . Scanalyzers 8 | . . . . . . . 5 . . 2 . . . . . . . 1 . Garrison Access 13 | . . . . . . . 2 2 . 1 1 . . . . . . 5 2 Terminal Hacks 73 | . . 1 5 1 5 . 5 . . 4 8 1 . 26 . 2 3 4 8 Record 16 | . . . 1 1 4 . . . . . 1 1 . 8 . . . . . Part Schematic 11 | . . . . . . . . . . . 1 . . 10 . . . . . Robot Schematic 5 | . . . . . . . . . . . . . . 5 . . . . . Robot Analysis 1 | . . . . . . . . . . . . . . . . . 1 . . Prototype ID Bank 3 | . . . . . . . . . . . . . . 3 . . . . . Open Door 1 | . . 1 . . . . . . . . . . . . . . . . . Level Access Points 4 | . . . . . . . . . . 1 1 . . . . . . 1 1 Branch Access Points 4 | . . . 1 . . . . . . . 1 . . . . 1 1 . . Alert Level 7 | . . . 1 . . . 2 . . . . . . . . 1 . 1 2 Unreport Threat 6 | . . . 2 . . . 1 . . 1 . . . . . . 1 . 1 Locate Traps 6 | . . . . . . . . . . 2 1 . . . . . . 2 1 Reprogram Traps 1 | . . . . . . . . . . . . . . . . . . . 1 Patrol Status 1 | . . . . . . . . . . . 1 . . . . . . . . Recall Investigation 1 | . . . . . . . . . . . 1 . . . . . . . . Hauler Manifests 1 | . . . . . . . 1 . . . . . . . . . . . . Zone Layout 4 | . . . . . . . 1 . . . 1 . . . . . . . 2 Derelict Proto ID Bank 1 | . . . . . 1 . . . . . . . . . . . . . . Fabricator Hacks 22 | . . . . . . . . . . 7 3 . . . . 4 3 1 4 Network Status 7 | . . . . . . . . . . 2 . . . . . 1 1 1 2 Load Schematic 10 | . . . . . . . . . . 4 2 . . . . 2 1 . 1 Build 5 | . . . . . . . . . . 1 1 . . . . 1 1 . 1 Repair Station Hacks . | . . . . . . . . . . . . . . . . . . . . Recycling Unit Hacks 2 | . . . . . . . . . . . 2 . . . . . . . . Process 1 | . . . . . . . . . . . 1 . . . . . . . . Retrieve Matter 1 | . . . . . . . . . . . 1 . . . . . . . . Scanalyzer 7 | . . . . . . . 5 . . 2 . . . . . . . . . Insert Component 3 | . . . . . . . 2 . . 1 . . . . . . . . . Analyze 4 | . . . . . . . 3 . . 1 . . . . . . . . . Garrison Access Hacks 7 | . . . . . . . 1 1 . 1 1 . . . . . . 2 1 Unlock Access 1 | . . . . . . . 1 . . . . . . . . . . . . Seal Access 6 | . . . . . . . . 1 . 1 1 . . . . . . 2 1 Unauthorized Hacks 64 | . . . 8 1 . . 9 5 . 8 10 . . . . 5 6 7 5 Terminals 59 | . . . 8 1 . . 9 5 . 7 10 . . . . 4 5 6 4 Track 5 | . . . . 1 . . 2 . . . 2 . . . . . . . . Assimilate 4 | . . . . . . . . 1 . . 1 . . . . . . 2 . Botnet 20 | . . . 1 . . . 2 2 . 3 2 . . . . 2 2 3 3 Operators 1 | . . . . . . . . . . . . . . . . . . . 1 Skim 29 | . . . 7 . . . 5 2 . 4 5 . . . . 2 3 1 . Fabricators 4 | . . . . . . . . . . 1 . . . . . 1 1 . 1 Prioritize 3 | . . . . . . . . . . . . . . . . 1 1 . 1 Recompile 1 | . . . . . . . . . . 1 . . . . . . . . . Repair Stations . | . . . . . . . . . . . . . . . . . . . . Recycling Units . | . . . . . . . . . . . . . . . . . . . . Scanalyzers 1 | . . . . . . . . . . . . . . . . . . 1 . Researchers 1 | . . . . . . . . . . . . . . . . . . 1 . Garrison Access . | . . . . . . . . . . . . . . . . . . . . Data Cores Recovered 3 | . 1 . . . . . . . . . 1 . . . . . 1 . . Used 1 | . . . . . . . . . . . . . . . . . 1 . . Hacking Detections 79 | . . . 9 . . . 7 6 . 11 14 . . . . 4 7 13 8 Full Trace Events 11 | . . . 2 . . . . . . 2 2 . . . . 2 1 . 2 Feedback Events 2 | . . . . . . . . . . . 1 . . . . 1 . . . Corruption 2 | . . . . . . . . . . . 1 . . . . 1 . . . Feedback Blocked . | . . . . . . . . . . . . . . . . . . . . Robot Schematics Acquired 5 | . . . . . . . . . . . . . . 5 . . . . . Robots Built . | . . . . . . . . . . . . . . . . . . . . Authchips . | . . . . . . . . . . . . . . . . . . . . Time . | . . . . . . . . . . . . . . . . . . . . Total Robot Build Rating . | . . . . . . . . . . . . . . . . . . . . Part Schematics Acquired 14 | . . . . . . . 2 . . 1 1 . . 10 . . . . . Parts Built 6 | . . . . . . . . . . 1 1 . . . . 1 1 . 2 Authchips 1 | . . . . . . . . . . 1 . . . . . . . . . Time 207 | . . . . . . . . . . 44 17 . . . . 67 33 . 46 Total Part Build Rating 31 | . . . . . . . . . . 4 1 . . . . 4 4 . 18 Parts Repaired . | . . . . . . . . . . . . . . . . . . . . Time . | . . . . . . . . . . . . . . . . . . . . Parts Recycled . | . . . . . . . . . . . . . . . . . . . . Recycled Matter 26 | . . . . . . . . . . . 26 . . . . . . . . Retrieved Matter . | . . . . . . . . . . . . . . . . . . . . Retrieved Components . | . . . . . . . . . . . . . . . . . . . . Parts Scanalyzed 3 | . . . . . . . 2 . . 1 . . . . . . . . . Part Schematics Acquired 3 | . . . . . . . 2 . . 1 . . . . . . . . . Parts Damaged 1 | . . . . . . . . . . 1 . . . . . . . . . Bothacking | -11 -10 -10 -9 -9 -9 -8 -8 -7 -7 -7 -6 -6 -6 -6 -5 -5 -4 -3 -2 ------------ Run | Yrd Mat Min Mat Min Exi Min Mat Fac Was Fac Fac Low Low Dat Pro Fac Fac Res Res Used RIF Installer . | . . . . . . . . . . . . . . . . . . . . Robots Hacked 10 | . . . . . 7 1 1 . . . 1 . . . . . . . . Non-combat 6 | . . . . . 3 1 1 . . . 1 . . . . . . . . Combat 4 | . . . . . 4 . . . . . . . . . . . . . . Robot Hacks Applied 10 | . . . . . 7 1 1 . . . 1 . . . . . . . . parse_system 9 | . . . . . 7 1 1 . . . . . . . . . . . . no_distress 1 | . . . . . . . . . . . 1 . . . . . . . . Relay Couplers Released . | . . . . . . . . . . . . . . . . . . . . Fabnet Peak Effective % . | . . . . . . . . . . . . . . . . . . . . Robots Rewired . | . . . . . . . . . . . . . . . . . . . . Allies Hacked 1 | . . . . . . . . 1 . . . . . . . . . . . Hacks Repelled . | . . . . . . . . . . . . . . . . . . . . Allies | -11 -10 -10 -9 -9 -9 -8 -8 -7 -7 -7 -6 -6 -6 -6 -5 -5 -4 -3 -2 -------- Run | Yrd Mat Min Mat Min Exi Min Mat Fac Was Fac Fac Low Low Dat Pro Fac Fac Res Res Total Allies 6 | . . 1 . 1 . . . 1 . . 1 . . . . . . 2 . Largest Group 1 | . . 1 1 1 1 . . 1 . . 1 . . . . . . 1 . Highest-Rated Group 45 | . . 31 31 31 31 . . 10 . . 10 . . . . . . 45 . Highest-Rated Ally 45 | . . 31 31 31 31 . . 10 . . 10 . . . . . . 45 . Total Orders 2 | . . . . . . . . . . . . . . . . . . 2 . STAY 1 | . . . . . . . . . . . . . . . . . . 1 . FOLLOW 1 | . . . . . . . . . . . . . . . . . . 1 . Ally Attacks 14 | . . . 14 . . . . . . . . . . . . . . . . Total Damage 167 | . . . 167 . . . . . . . . . . . . . . . . Kills 2 | . . . 2 . . . . . . . . . . . . . . . . Allies Corrupted . | . . . . . . . . . . . . . . . . . . . . Allies Melted . | . . . . . . . . . . . . . . . . . . . . Intel | -11 -10 -10 -9 -9 -9 -8 -8 -7 -7 -7 -6 -6 -6 -6 -5 -5 -4 -3 -2 ------- Run | Yrd Mat Min Mat Min Exi Min Mat Fac Was Fac Fac Low Low Dat Pro Fac Fac Res Res Robot Analysis Total 1 | . . . . . . . . . . . . . . . . . 1 . . Derelict Logs Recovered 1 | . . . . . . . . . . . . . 1 . . . . . . Drone Launches . | . . . . . . . . . . . . . . . . . . . . Drone Recoveries . | . . . . . . . . . . . . . . . . . . . . Exploration | -11 -10 -10 -9 -9 -9 -8 -8 -7 -7 -7 -6 -6 -6 -6 -5 -5 -4 -3 -2 ------------- Run | Yrd Mat Min Mat Min Exi Min Mat Fac Was Fac Fac Low Low Dat Pro Fac Fac Res Res Turns Passed 10086 | 90 283 1059 1451 190 741 506 896 235 28 480 784 137 198 18 96 291 678 986 939 Spaces Moved 12673 | 62 190 479 618 78 375 265 477 672 106 1091 1827 489 656 76 351 762 1181 1776 1142 Core 151 | 3 . . . . . . . . . . . . . . . . . . 148 Treads 876 | . . 406 . . . . 454 7 . . . . . . . . . . 9 Legs 1250 | . . . 302 78 375 265 23 . . . . . . . . . . . 207 Wheels 638 | 59 190 73 316 . . . . . . . . . . . . . . . . Hover . | . . . . . . . . . . . . . . . . . . . . Flight 9758 | . . . . . . . . 665 106 1091 1827 489 656 76 351 762 1181 1776 778 Fastest Speed 15 | 50 100 100 115 190 190 190 157 23 23 23 23 26 24 24 24 20 25 20 15 Average Speed 56 | 97 100 200 181 190 190 190 158 24 23 23 23 26 24 24 24 23 25 24 44 Slowest Speed 400 | 100 100 240 400 190 190 190 190 158 23 26 26 26 26 24 24 25 27 99 145 Overloaded Moves 18 | . . . . . . . . . . . . . . . . . . . 18 Propulsion Burnouts . | . . . . . . . . . . . . . . . . . . . . Robots Hopped 61 | . . . . . . . . 11 . 4 8 . . . . 7 11 13 7 Cave-ins Triggered . | . . . . . . . . . . . . . . . . . . . . Exploration Rate (%) 45 | 3 34 76 53 21 76 54 46 19 69 26 37 66 74 73 62 19 26 51 29 Regions Visited 19 Branch Regions 8 Pre-discovered Areas 8 | . . . 3 . 1 . . . . . 2 . 1 1 . . . . . Known Exits Taken 8 | . . . 1 . . 1 1 . . 1 1 . . . 1 1 . 1 . Unknown Exits Taken 9 | 1 1 1 . 1 1 . . . . . . 1 1 1 . . 1 . . Scrap Searched 10 | . . 1 . . . 1 . . . . . 3 4 . 1 . . . . Spaces Dug 202 | . . 6 2 . . . 19 7 . 12 31 1 4 . . 29 25 43 23 Terrain Destroyed 406 | . 3 39 31 . . 3 35 7 . 12 31 1 39 . . 29 30 68 78 Melee 146 | . . . 2 . . . 6 7 . 12 31 1 4 . . 8 25 28 22 Projectile 1 | . . . . . . . . . . . . . . . . . . . 1 AOE 259 | . 3 39 29 . . 3 29 . . . . . 35 . . 21 5 40 55 Terrain Rammed . | . . . . . . . . . . . . . . . . . . . . Walls Destroyed . | . . . . . . . . . . . . . . . . . . . . Machines Disabled . | . . . . . . . . . . . . . . . . . . . . Actions | -11 -10 -10 -9 -9 -9 -8 -8 -7 -7 -7 -6 -6 -6 -6 -5 -5 -4 -3 -2 --------- Run | Yrd Mat Min Mat Min Exi Min Mat Fac Was Fac Fac Low Low Dat Pro Fac Fac Res Res Total 14842 | 80 255 540 826 98 402 268 559 719 107 1293 2068 495 679 75 361 833 1467 2244 1473 Wait 1228 | . 26 13 91 . . . 26 23 . 101 92 . 5 . 9 42 209 367 224 Move 12538 | 61 189 478 617 77 374 264 476 650 105 1082 1811 488 655 75 350 748 1158 1751 1129 Hop 56 | . . . . . . . . 11 . 4 7 . . . . 6 11 11 6 Pick Up 88 | 7 9 9 11 3 11 1 3 2 . 3 9 1 1 . . 1 7 6 4 Fast Attach 68 | 5 . 2 4 . 1 . 4 . . 1 11 1 2 . 1 8 . 9 19 Attach 44 | 2 . 3 2 3 . . 1 6 . 1 1 . . . . 1 3 9 12 Detach 20 | . . 1 1 . . . . 1 . 1 3 . . . . 1 . 7 5 Swap 125 | 1 9 9 13 . 4 1 7 7 2 10 21 2 6 . . 10 9 11 3 Drop 100 | . 7 5 17 . 2 1 5 9 . 3 15 2 2 . 1 2 6 13 10 Fire 153 | 4 15 20 60 6 . . 12 . . . . . 2 . . 3 4 10 17 Melee 248 | . . . 9 9 9 1 25 10 . 12 56 1 6 . . 9 33 32 36 Ram 2 | . . . . . . . . . . . . . . . . . . . 2 Kick 7 | . . . 1 . . . . . . . . . . . . . . . 6 Crush . | . . . . . . . . . . . . . . . . . . . . Escape Stasis 51 | . . . . . . . . . . 15 . . . . . . 18 18 . Rewire 1 | . . . . . 1 . . . . . . . . . . . . . . Trap 102 | . . . . . . . . . . 60 42 . . . . . . . . Miscellaneous 11 | . . . . . . . . . . . . . . . . 2 9 . . Route ------- -11/Scrapyard -10/Materials -10/Mines (discovered 2 exits: *Mat x2) -9/Materials (discovered 5 exits: *Mat x3 / *Min x2) -9/Mines (discovered 2 exits: *Mat / *Exi) -9/Exiles -8/Mines -8/Materials (discovered 4 exits: *Fac x2 / *Sto / Gar) -7/Factory (discovered 2 exits: *Low x2) -7/Waste -7/Factory (discovered 5 exits: *Fac x4 / Low) -6/Factory (discovered 6 exits: *Fac x4 / *Low x2) -6/Lower Caves -6/Lower Caves -6/Data Miner -5/Proximity Caves -5/Factory (discovered 4 exits: *Fac x2 / Upp x2) -4/Factory (discovered 5 exits: *Res / Upp x2 / Ext x2) -3/Research (discovered 3 exits: *Res x3) -2/Research (discovered 4 exits: Acc x3 / [*Tes]) History --------- Turn | Location | Event 11 | -11/Scrapyard | Discovered new exit (range 16) 91 | -11/Scrapyard | Entered Materials 261 | -10/Materials | Discovered new exit (range 14) 335 | -10/Materials | Build established: Mutant 374 | -10/Materials | Entered Mines 510 | -10/Mines | YI-UF0 nonchalantly dropped a Grenade Launcher on the ground 524 | -10/Mines | Discovered new exit (range 11) 1050 | -10/Mines | Core integrity fell below 50% 1371 | -10/Mines | Discovered new exit (range 6) 1372 | -10/Mines | Met a Derelict testing a Signal Generator 1378 | -10/Mines | Met a Derelict who couldn't figure out how to use a Trap Extractor 1433 | -10/Mines | Entered Materials 1433 | -9/Materials | Accompanied by 1 ally 1433 | -9/Materials | Evolved 2 slots: Propulsion x1, Utility x1 1913 | -9/Materials | Discovered new exit (range 13) 2098 | -9/Materials | Discovered new exit (range 11) 2114 | -9/Materials | Build established: Scavenger-Mutant 2185 | -9/Materials | Identified exit to Materials 2249 | -9/Materials | Identified exit to Mines 2385 | -9/Materials | Loaded intel: 18 interactive machine locations 2413 | -9/Materials | Learned location of Recycling (-8) 2884 | -9/Materials | Entered Mines 2987 | -9/Mines | Received a Mining Laser from a helpful Derelict 2997 | -9/Mines | Discovered exit to Materials (range 6) 3066 | -9/Mines | Deemed a non-threat by the Exiles lab entrance 3066 | -9/Mines | Discovered new exit (range 5) 3074 | -9/Mines | Entered Exiles 3074 | -9/Exiles | Accompanied by 1 ally 3122 | -9/Exiles | Met 8R-AWN 3165 | -9/Exiles | Met EX-HEX 3249 | -9/Exiles | Met EX-BIN 3277 | -9/Exiles | Aligned with FarCom system 3279 | -9/Exiles | Given EX-Vault access code 3322 | -9/Exiles | Opened EX-Vault 3332 | -9/Exiles | Found Latent Energy Streamer 3375 | -9/Exiles | Warned to stay clear of 0b10 Research branches 3430 | -9/Exiles | Met EX-DEC 3440 | -9/Exiles | Learned location of Zion (-7) 3539 | -9/Exiles | Visited The Gauntlet 3791 | -9/Exiles | Discovered new exit (range 12) 3815 | -9/Exiles | Left Exiles lab with Latent Energy Streamer 3815 | -9/Exiles | Entered Mines 4238 | -8/Mines | Discovered exit to Materials (range 14) 4321 | -8/Mines | Entered Materials 4321 | -8/Materials | Evolved 2 slots: Propulsion x1, Utility x1 4322 | -8/Materials | Identified exit to Storage 5077 | -8/Materials | Learned Storage emergency access door positions 5121 | -8/Materials | Discovered new exit (range 8) 5146 | -8/Materials | Identified exit to Factory 5167 | -8/Materials | Learned Recycling recycling unit intel 5191 | -8/Materials | Identified exit to Garrison 5217 | -8/Materials | Entered Factory 5217 | -7/Factory | Evolved 2 slots: Propulsion x1, Utility x1 5218 | -7/Factory | Identified exit to Lower Caves 5452 | -7/Factory | Sucked down chute 5452 | -7/Factory | Entered Waste 5456 | -7/Waste | Spotted C-40 Crusher 5461 | -7/Waste | Spotted C-40 Crusher 5471 | -7/Waste | Spotted C-40 Crusher 5473 | -7/Waste | Spotted C-40 Crusher 5474 | -7/Waste | Spotted C-40 Crusher 5475 | -7/Waste | Discovered new exit (range 14) 5480 | -7/Waste | Entered Factory 5543 | -7/Factory | Build established: Scout 5886 | -7/Factory | Identified exit to Factory 5916 | -7/Factory | Fabricated Cld. VTOL Module? 5960 | -7/Factory | Entered another Factory area 5960 | -6/Factory | Evolved 2 slots: Power x1, Utility x1 5996 | -6/Factory | Spotted B-75 Beast 6029 | -6/Factory | Discovered new exit (range 15) 6035 | -6/Factory | Identified exit to Factory 6077 | -6/Factory | Discovered new exit (range 7) 6504 | -6/Factory | Identified exit to Lower Caves 6596 | -6/Factory | Learned location of Upper Caves (-5) 6616 | -6/Factory | Fabricated Sml. Storage Unit (x1) 6666 | -6/Factory | Learned location of 2 exits from Factory 6724 | -6/Factory | Learned location of Extension (-4) 6744 | -6/Factory | Entered Lower Caves 6880 | -6/Lower Caves | Discovered new exit (range 2) 6881 | -6/Lower Caves | Entered another Lower Caves area 7023 | -6/Lower Caves | Build established: Hacker-Sprinter 7077 | -6/Lower Caves | Discovered new exit (range 6) 7079 | -6/Lower Caves | Entered Data Miner 7079 | -6/Data Miner | Discovered new exit (range 6) 7083 | -6/Data Miner | Met Data Miner 7088 | -6/Data Miner | Learned location of Section 7 (-2) 7088 | -6/Data Miner | Acquired the access code to Warlord's prototype stash 7092 | -6/Data Miner | Received God Mode back door access code from Data Miner 7097 | -6/Data Miner | Entered Proximity Caves 7191 | -5/Proximity Caves | Discovered exit to Factory (range 9) 7193 | -5/Proximity Caves | Entered Factory 7193 | -5/Factory | Evolved 2 slots: Propulsion x1, Utility x1 7194 | -5/Factory | Identified exit to Factory 7194 | -5/Factory | Identified exit to Upper Caves 7307 | -5/Factory | Fabricated Cld. VTOL Module (x1) 7365 | -5/Factory | Discovered exit to Factory (range 5) 7484 | -5/Factory | Entered another Factory area 7484 | -4/Factory | Evolved 2 slots: Utility x2 7485 | -4/Factory | Identified exit to Extension 7638 | -4/Factory | Identified exit to Upper Caves 7656 | -4/Factory | Discovered new exit (range 20) 7698 | -4/Factory | Fabricated Cld. VTOL Module? 7753 | -4/Factory | Build established: Hacker-Ninja 8162 | -4/Factory | Entered Research 8162 | -3/Research | Evolved 2 slots: Utility x2 8377 | -3/Research | Spotted B-86 Titan 8731 | -3/Research | Spotted B-86 Titan 8747 | -3/Research | Discovered new exit (range 9) 8912 | -3/Research | Search patrols dispatched 9092 | -3/Research | Identified exit to Research 9148 | -3/Research | Entered another Research area 9148 | -2/Research | Evolved 2 slots: Propulsion x1, Utility x1 9324 | -2/Research | Discovered new exit (range 22) 9486 | -2/Research | Identified exit to Access 9532 | -2/Research | Spotted B-90 Cyclops 9549 | -2/Research | Lost 8 parts (2p3n1u2w) 9597 | -2/Research | System corruption reached 10% 9676 | -2/Research | Fabricated Enh. Nova Cannon? 9737 | -2/Research | Lost 5 parts (2n3u) 9851 | -2/Research | Incoming investigation squad redirected 10003 | -2/Research | Core integrity fell below 50% 10009 | -2/Research | Core integrity fell below 20% 10044 | -2/Research | Lost 10 parts (1p5n2u2w) 10087 | -2/Research | Destroyed by P-80 Master with Gamma Rifle Last Messages --------------- R019. 10013_ Imp. System Shield destroyed. 10017_ X&YI8WEKWT%JWE=KX6Y1B9JTMED 10019_ Slug penetrates Wall. 10022_ >> Machine Analyzer network decryption results: 10022_ Recycling Unit x2 10030_ K-01 Serf cleans the Graviton Restrictor. 10032_ System corrupted: Energy discharge (-36). 10041_ Acquired Biometal Leg. 10047_ System corrupted: Energy discharge (-14). 10048_ ALERT: Rogue bot located, Programmers report to Research Zone 1V. 10049_ Acquired Biometal Leg. 10060_ Kicked W-44 Eye out of the way. 10062_ System corrupted: Energy discharge (-20). 10077_ System corrupted: Matter fused (-6). 10081_ U-05 Engineer works on Catalytron. 10085_ Connecting with Fabricator... 10085_ ALERT: Suspicious activity at Fabricator R001. Dispatching Investigation squad. [Achievement: Back For More] Map ----- +----------------------------------------------------+ | ?????????????????????????????????????????????????? | | ?????????????????????????????????????????????????? | | ??????????????????????? ???????????????????#### | | ??????????????????????# ???????????????????# | | ??????????????????????# u???????????????????# | | ??????????????????????# ???????????????????# | | ??????????????????????# w???????????????????# | | ??????????????????????# ???????????????????# | | ??????????????????????# #??????????????##### | | ??????????????????????+ up #??????????????##### | | ??????????????????????#pp #??????????????## + | | ??????????????????????# w#??????????????## # | | ??????????????????????# #??????????????## #### | | ??????????????????????# #??????????????## | | ??????????????????????# #??????????????## | | ??????????????????????#u +??????????????## | | ??????????????????????+ #??????????????## | | ??????????????????????# #??????????????## | | ??????????????????????# #??????????????## | | ??????????????????????# ################# " | | ??????????????????????# k | | ??????????????????????# s w | | ??????????????????????# ks ! | | ?????????????????????## s""" " | | ????????????????????##; """" ########### " | | ????????????????????#" @ "F"" #??????? ## " | | ???????###??????????#"" "" #?????????# | | ????##############??#"" """ #?????????# | | ????# #??#""u s"" ! #?????????# | | ????# #??#"" s #?????????# | | ????# #??#"T #?????????# | | ???## #??#"" k #?????????# | | ???## #??#"" =! #??? ?????# " | | ???## #??#"" == ###+####### | | ????# #??#"" ! " | | ????# #??#" | | ????# #??### g ^w ! | | ????# ######k A | | ????# # R #BB#######+##### ###### | | ???## # #BB#???????????# #??# | | ##### ###+#+###### ####???????????# #??# | | # ## #??????????????# #??# | | # + o #??????????????# #??# | | # ## ##?????????????# #### | | # ## """ ##????????"""??# + | | # ## "T ###+######??????""""??# #### | | # ## "" ! # #??????""""??# #??# | | # ## # %= #??????"""???# #??# | | # ## # " #????????????# #??### | | # ## # "" #????????????# #???## | +----------------------------------------------------+ Best States ------------- Heat Dissipation 64 Energy Generation 32 Energy Capacity 335 Matter Stores 490 Matter Capacity 500 Sight Range 22 Terrain Scan Density 10 ECM Strength 1 Jamming Range 14 Armor Coverage 375 Resistance: KI 25 Evasion (%) 76 Recoil Reduction 3 Offensive Hacking 31 Defensive Hacking 34 Authchip Count 1 Trap Extractor Capacity 6 Item Schematics ----------------- Imp. VTOL Module | -8/Materials | Scanalyzed Beamcaster | -8/Materials | Scanalyzed Cld. VTOL Module | -7/Factory | Scanalyzed Sml. Storage Unit | -6/Factory | Hacked Combat Drone Bay | -6/Data Miner | Free Lgt. Regenerative Plating | -6/Data Miner | Free Enh. Armored Leg | -6/Data Miner | Free Prc. Energy Filter | -6/Data Miner | Free Kinetic Spear | -6/Data Miner | Free Imp. Antigrav System | -6/Data Miner | Free Adv. Power Amplifier | -6/Data Miner | Free Adv. Datajack | -6/Data Miner | Free Hvy. Disruptor Cannon | -6/Data Miner | Free Adv. Force Field | -6/Data Miner | Free Robot Schematics ------------------ R-10 Processor | -6/Data Miner | Free A-15 Conveyor | -6/Data Miner | Free M-22 Extractor | -6/Data Miner | Free S-27 Virus | -6/Data Miner | Free G-50 Soldier | -6/Data Miner | Free Fabricated ------------ Cld. VTOL Module | x1 | -7/Factory | Authchip Sml. Storage Unit | x1 | -6/Factory Cld. VTOL Module | x1 | -5/Factory Cld. VTOL Module | x1 | -4/Factory Enh. Nova Cannon | x2 | -2/Research | Preloaded Alien Tech Used ----------------- None Achievements -------------- Back For More Challenges ------------ None Game ------ Seed LobotomyContainmentPick Manual? 0 Play Time 04:32:43 Cumulative 141.1 hours Start 2024.11.06 @ 21:09:44 End 2024.11.07 @ 01:44:07 Sessions 1 Manual Loads 0 Difficulty Rogue Special Mode None Game No. 50 Rogue 49 Adventurer 1 Explorer 0 Win Type - Total 2 Types 2/0/0/0/0/0/0/0/0 Lore% 40 Gallery% 58 Achievement% 48 Wizard Run 0 Options --------- Layout 0 ASCII 1 Keyboard 1 Movement Vi Keybinds 0 Fullscreen 2 Font 36/Terminus++ Map View 76x50 Zoom Use 0% Tactical HUD 1 Map Filters NONE Filters NONE Steam 1 RUN: 7de89a3a-cbdd-417d-a3c8-2a57d2baa68f